Unix NetHack Version 5.0.0-0 post-release - last build May 31 2026 23:59:36 (970b52f25bf058293b47ddfd14a1e40e571c508c,branch:main).

Game began 2026-05-31 14:46:01, ended 2026-06-07 14:43:31.

Japes, lawful male human Monk

                           }}}}}}}}}}}}}}}}}}}}}}}}}}}}}}}}}}}}}}}}}}}}}
                                       }}}*.....i*.....}}}.......*.....}
                                    }} }}}.}}}}}}}}}}}.}}}}}}}.}}}}}}}}}
                                    }} }}}.}}}}}}}}}}}.}}}}}}}.}}}}}}}}}
                                    }}.}}}.}}}}}}}}}}}.}}}}}}}.}}}}}}}}}
                                    }}.}}}.*4..}}}.}}}.}}}^....}}}.....}
                                    }}.}@}}}}}.}}}^}}}.}}}.}}}"}}}.}}}.}
                                    }}@}}}}}}}.}}}*}}}.}}}.}}}.}}}*}}}.}
                                    }}.}}}}  }.}}}.}}}.}}}.}}}.}}
                                    }} ...   .$}}}..w......}}}.}}
                                    }}}       }}}}}}}}}}}}}}}}}}}
                                    }}}       }}}}}}}}}}}}}}}}}}}
                                    1             }}}}}}}}}
                                          2 1

Japes the Student of Metals     St:18 Dx:18 Co:18 In:10 Wi:18 Ch:12  Lawful
Dlvl:31 $:111 HP:0(157) Pw:99(99) AC:-25 Xp:20/5167086 T:33393 

Latest messages:
 The displacer beast hits again!
 The displacer beast bites!
 The displacer beast swaps places with you...
 The displacer beast swaps places with you...
 The invisible Asmodeus appears next to you!
 The invisible Asmodeus hits!
 The invisible Asmodeus knocks you backward with a powerful strike!
 You move over some lava.
 You move over some lava.
 The invisible Asmodeus points at you, then curses.
 The invisible Asmodeus vanishes!
 The Woodland-elf throws an elven dagger!
 An elven dagger misses you.
 It burns up!
 You sink into the wall of lava, but it only burns slightly!
 You sink deeper into the lava.
 You are stuck in the lava.
 The invisible Asmodeus appears next to you!
 The invisible Asmodeus hits!
 The invisible Asmodeus points at you, then curses.
 You hit the invisible Asmodeus!
 You sink deeper into the lava.
 You hit the invisible Asmodeus!
 The invisible Asmodeus vanishes!
 The Woodland-elf throws a dart!
 The dart slips as the Woodland-elf throws it!
 You sink deeper into the lava.
 You are stuck in the lava.
 What do you want to zap? [jqsEHJQ or ?*]
 In what direction?
 A mysterious force prevents you from teleporting!
 You sink deeper into the lava.
 What do you want to take off? [rKNZ or ?*]
 You were wearing an uncursed ring of regeneration (on right hand).
 You sink deeper into the lava.
 What do you want to put on? [c-emDW or ?*]
 c - a blessed ring of levitation (on right hand).
 You sink deeper into the lava.
 You are stuck in the lava.
 You are stuck in the lava.
 You are stuck in the lava.
 You are stuck in the lava.
 You are stuck in the lava.
 You sink below the surface and die.
 Do you want your possessions identified? [ynq] (y)
 Do you want to see your attributes? [ynq] (y)
 Do you want an account of creatures vanquished? [ynaq] (y)
 Do you want a list of species genocided? [ynaq] (y)
 Do you want to see your conduct and achievements? [ynq] (y)
 Do you want to see the dungeon overview? [ynq] (y)

Inventory:
 Coins    ('$')
  $ - 111 gold pieces
 Amulets  ('"')
  S - an uncursed amulet of reflection (being worn)
 Weapons  (')')
  a - the blessed rustproof +7 Excalibur (weapon in right hand)
 Armor    ('[')
  N - an uncursed greased fireproof +8 elven leather helm (being worn)
  K - a blessed fireproof +4 pair of leather gloves (being worn)
  Z - a blessed fireproof +3 pair of speed boots (being worn)
  r - a blessed greased fireproof +4 robe (being worn)
  Y - a blessed fireproof +4 T-shirt with text "Aberzombie and Fitch" (being worn)
 Rings    ('=')
  U - an uncursed +3 ring of increase damage (on left hand)
  W - an uncursed +3 ring of increase damage
  d - an uncursed ring of invisibility
  c - a blessed ring of levitation (on right hand)
  m - an uncursed ring of regeneration
  D - an uncursed ring of teleportation
 Wands    ('/')
  q - a wand of cancellation (0:4)
  E - a blessed wand of death (0:8)
  s - a wand of fire (0:4)
  H - a wand of lightning (0:1)
  j - a wand of magic missile (0:1)
  Q - a wand of striking (0:5)
  J - a wand of teleportation (0:7)
 Tools    ('(')
  b - a blessed greased bag of holding containing 86 items
  w - the Bell of Opening (0:3)
  e - an uncursed blindfold
  B - the blessed Eyes of the Overworld (being worn)
  k - an uncursed skeleton key
  h - an uncursed stethoscope
  u - a blessed +0 unicorn horn
 Gems/Stones  ('*')
  p - a blessed luckstone

Contents of the bag of holding:
  958 gold pieces
  8 blessed +5 elven daggers
  2 +0 elven daggers
  an uncursed banana
  32 uncursed C-rations
  an uncursed carrot
  22 uncursed food rations
  3 uncursed fortune cookies
  an uncursed lembas wafer
  7 uncursed tripe rations
  2 blessed scrolls of blank paper
  an uncursed scroll of blank paper
  a blessed scroll of charging
  an uncursed scroll of confuse monster
  a blessed scroll of destroy armor
  an uncursed scroll of enchant armor
  4 uncursed scrolls of gold detection
  2 uncursed scrolls of identify
  2 uncursed scrolls of magic mapping
  4 uncursed scrolls of remove curse
  a blessed scroll of teleportation
  2 uncursed scrolls of teleportation
  an uncursed spellbook of blank paper
  an uncursed spellbook of healing
  a blessed spellbook of identify
  a blessed spellbook of protection
  an uncursed spellbook of restore ability
  an uncursed potion of booze
  a cursed potion of confusion
  2 uncursed potions of extra healing
  an uncursed potion of healing
  an uncursed potion of invisibility
  a cursed potion of levitation
  an uncursed potion of restore ability
  an uncursed potion of see invisible
  2 uncursed potions of sickness
  15 potions of holy water
  2 potions of unholy water
  a blessed +1 ring of gain strength
  a cursed ring of polymorph
  an uncursed ring of polymorph control
  an uncursed ring of protection from shape changers
  an uncursed ring of sustain ability
  a wand of cold (0:1)
  a wand of digging (0:8)
  a wand of digging (0:8)
  a wand of digging (0:6)
  a wand of digging (0:5)
  a wand of digging (0:3)
  a wand of fire (0:5)
  a wand of light (0:13)
  a wand of lightning (0:4)
  a wand of magic missile (0:8)
  a wand of magic missile (0:4)
  a wand of magic missile (0:4)
  a wand of magic missile (0:1)
  a wand of magic missile (0:0)
  a wand of magic missile (0:0)
  a wand of make invisible (0:5)
  a wand of make invisible (0:3)
  a wand of opening (0:8)
  a wand of polymorph (0:3)
  a blessed wand of secret door detection (0:13)
  a wand of secret door detection (0:12)
  a wand of sleep (0:8)
  a wand of slow monster (0:6)
  a wand of speed monster (0:4)
  a wand of striking (0:6)
  a wand of striking (0:4)
  a wand of teleportation (0:7)
  a wand of teleportation (0:5)
  a wand of teleportation (0:4)
  a wand of teleportation (0:4)
  a horn of plenty (0:18)
  a magic flute (0:7)
  a can of grease (0:1)
  a blessed magic marker (1:50)
  a magic marker (0:9)
  an uncursed magic whistle
  a blessed oil lamp
  a +0 pick-axe
  an uncursed tin opener
  an uncursed towel
  a +0 unicorn horn
  11 uncursed emeralds
  6 uncursed rubies

Japes the Monk's attributes:

Background:
 You were a Student of Metals, a level 20 male human Monk.
 You were lawful, on a mission for Shan Lai Ching
 who was opposed by Chih Sung-tzu (neutral) and Huan Ti (chaotic).
 You were right-handed.
 You were in Gehennom, on level 31.
 You entered the dungeon 33393 turns ago.
 You had 5167086 experience points, 4832914 more were needed for level 21.

Basics:
 You had 0 out of 157 hit points.
 You had all 99 energy points (spell power).
 Your armor class was -25.
 Your wallet contained 111 zorkmids, and
 you had 958 more stashed away in your pack.
 Autopickup was on for '$' plus thrown.

Final Characteristics:
 Your strength was 18 (limit:18/100).
 Your dexterity was 18 (limit:18).
 Your constitution was 18 (limit:18).
 Your intelligence was 10 (limit:18).
 Your wisdom was 18 (limit:18).
 Your charisma was 12 (limit:18).

Final Status:
 You were sinking into lava.
 You weren't hungry.
 You were unencumbered.
 You were wielding a long sword.
 You had no skill with long sword.

Final Attributes:
 You were piously aligned.
 You were magic-protected.
 You were fire resistant.
 You were cold resistant.
 You were sleep resistant.
 You were shock resistant.
 You were poison resistant.
 You were level-drain resistant.
 You saw invisible.
 You were warned.
 You had automatic searching.
 You were clairvoyant.
 You were stealthy.
 You had teleport control.
 You would have levitated if not trapped and if surroundings permitted.
 You had a small damage bonus (+3).
 You had a moderate defense bonus (+7).
 You were guarded.
 Your spell casting was enhanced by wearing a robe.
 You were very fast.
 You had reflection.
 You were extremely lucky.
 You had extra luck.
 Good luck did not time out for you.
 You are dead (2nd time!).

Miscellaneous:
 You didn't encounter any bones levels.
 Total elapsed playing time was 22 hours, 18 minutes and 39 seconds.

Major events:
 Turn
    1: Japes the lawful male human Monk entered the dungeon
  880: attained the rank of Novice (level 3)
 2288: entered Sokoban
 2449: attained the rank of Initiate (level 6)
 2513: completed 1st Sokoban level
 2922: completed 2nd Sokoban level
 3242: completed 3rd Sokoban level
 3937: completed 4th Sokoban level
 5261: entered the Gnomish Mines
 5334: reached Mine Town
 7944: attained the rank of Student of Stones (level 10)
 8505: acquired the Sokoban bag of holding
 9875: acquired the Mines' End luckstone
10592: made his first wish - "blessed spellbook of identify", got "a dusty spellbook"
12139: was bestowed with Demonbane by Shan Lai Ching
17461: averted death (killed by a rock troll)
20321: wished for "3 blessed scrolls of charging", got "3 scrolls labeled PRIRUTSENIE"
20323: wished for "blessed amulet of reflection", got "a cubical amulet"
21440: wished for "magic marker", got "a magic marker"
23459: performed his first genocide (class L)
24445: killed Medusa
24701: genocided class h
25595: wished for "blessed ring of levitation", got "a gold ring"
25656: attained the rank of Student of Waters (level 14)
26002: was given Excalibur by the Lady of the Lake
26889: wished for "blessed magic marker", got "a magic marker"
27305: entered Gehennom
27672: attained the rank of Student of Metals (level 18)
30381: entered Home 1, the Quest
30634: the Grand Master has granted access to proceed deeper into the quest
30662: entered Home 2, the Quest
30886: entered Home 3, the Quest
31025: entered Home 4, the Quest
31373: entered Home 5, the Quest
31603: entered Home 6, the Quest
31714: killed Master Kaen
31714: found the Eyes of the Overworld carried by a monster
31718: acquired the Bell of Opening
32553: wished for "blessed wand of death", got "a tin wand"
33393: dissolved in molten lava

Spells:
 Name                 Level Category     Fail Retention
 protection             1   clerical       0%   26%-50%
 detect unseen          3   divination     0%    (gone)
 identify               3   divination     0%   71%-80%
 chain lightning        2   attack         0%  76%-100%
 force bolt             1   attack         0%    1%-25%
 clairvoyance           3   divination     0%   11%-20%
 create monster         2   clerical       0%   26%-50%
 confuse monster        1   enchantment    0%   26%-50%
 haste self             3   escape         0%   51%-75%
 cure blindness         2   healing        0%   61%-70%
 charm monster          5   enchantment   88%   51%-75%
 magic mapping          5   divination    22%   71%-80%
 healing                1   healing        0%   71%-80%
 detect monsters        1   divination     0%   71%-80%
 restore ability        4   healing        0%   71%-80%

Skills:
 Fighting Skills
   martial arts       [Grand Master]
 Weapon Skills
   mace               [Unskilled]
   quarterstaff       [Unskilled]
   spear              [Unskilled]
   crossbow           [Unskilled]
   shuriken           [Unskilled]
 Spellcasting Skills
   attack spells      [Unskilled]
   healing spells     [Basic]
   divination spells  [Basic]
   enchantment spells [Unskilled]
   clerical spells    [Unskilled]
   escape spells      [Unskilled]
   matter spells      [Unskilled]

Voluntary challenges:
 Character rerolling was not enabled.
 You genocided 11 types of monsters.
 You never polymorphed an object.
 You never changed form.
 You used 7 wishes.
 You did not wish for any artifacts.
 You did not violate any of the special Sokoban rules.
Achievements:
 You attained the rank of Novice.
 You entered a shop.
 You entered Sokoban.
 You attained the rank of Initiate.
 You entered the Gnomish Mines.
 You entered Minetown.
 You entered a temple.
 You attained the rank of Student of Stones.
 You completed Sokoban.
 You completed the Gnomish Mines.
 You defeated Medusa.
 You learned the tune to open and close the Castle's drawbridge.
 You attained the rank of Student of Waters.
 You entered Gehennom.
 You attained the rank of Student of Metals.
 You had the Bell of Opening.

 The Dungeons of Doom: levels 1 to 26
    Level 1:
       A fountain.
    Level 2:
       Stairs down to The Gnomish Mines.
    Level 3:
       A general store.
    Level 4:
    Level 5:
    Level 6:
       A general store.
    Level 7:
       A fountain.
    Level 8:
       A tree.
    Level 9:
       Many fountains.
    Level 10:
       Many altars.
       Stairs up to Sokoban, level 9.
    Level 11:
    Level 12:
       Some fountains.
    Level 13:
       A grave.
    Level 14:
       An altar to Shan Lai Ching.
    Level 15:
       Portal to The Quest.
    Level 16:
       A primitive area.
    Level 17:
       Many fountains.
    Level 18: "white unicorn"
       A fountain.
    Level 19:
    Level 20:
       Many graves.
    Level 21:
       A temple and an altar.
    Level 22:
       A grave.
    Level 23:
    Level 24:
    Level 25:
    Level 26:
       A throne.
       The castle (play notes "DFBDE" to open or close drawbridge).
       Connection to Gehennom.
 Gehennom: levels 27 to 31
    Level 27:
       A temple and an altar, many graves.
       Valley of the Dead.
    Level 28:
    Level 29:
    Level 30:
    Level 31: <- You were here.
       Final resting place for
          you, dissolved in molten lava.
 The Gnomish Mines: levels 3 to 10
    Level 3:
    Level 4:
    Level 5:
    Level 6:
       Many shops, a temple and an altar, some fountains, some trees.
    Level 7:
    Level 8:
    Level 9:
    Level 10:
 The Quest: levels 1 to 6
    Level 1:
       A temple and an altar, many trees.
       Completed quest for the Grand Master.
    Level 2:
    Level 3:
    Level 4:
    Level 5:
    Level 6:
       An altar.
 Sokoban: levels 9 up to 6
    Level 6:
       Solved.
    Level 7:
       Solved.
    Level 8:
       Solved.
    Level 9:
       Solved.


Vanquished creatures:
    Master Kaen
    Medusa
 an iron golem
  5 storm giants
  a glass golem
  4 purple worms
 an orange dragon
  7 black dragons
  a blue dragon
  a yellow dragon
  7 minotaurs
  2 jabberwocks
  3 baluchitheria
  5 stone golems
  a master mind flayer
  4 Olog-hai
  2 Nazgul
  a pit fiend
  2 hell hounds
  3 displacer beasts
  2 titanotheres
  4 trappers
  a baby gold dragon
  a baby red dragon
  7 vampire leaders
  a skeleton
  3 captains
  a clay golem
  a nurse
 an ice devil
  3 nalfeshnees
  2 lurkers above
  a frost giant
  2 ettins
  a golden naga
 18 vampires
  6 lieutenants
 27 ghosts
  4 winged gargoyles
  a mind flayer
  4 giant mimics
  5 long worms
  2 zruties
  a fire giant
  5 ogre tyrants
  3 ice trolls
 15 rock trolls
  2 umber hulks
  a flesh golem
  2 elven monarchs
  2 doppelgangers
  3 bone devils
  2 large mimics
  2 baby purple worms
  9 stalkers
  3 air elementals
  2 fire elementals
 50 earth elementals
  5 water elementals
 10 hill giants
  3 giant mummies
 40 xorns
  9 giant zombies
 10 elf-nobles
 12 sergeants
  a barbed devil
  7 vrocks
 10 wargs
  2 winter wolves
  3 hell hound pups
  6 small mimics
  3 glass piercers
  6 warhorses
  a steam vortex
  2 xans
  2 ettin mummies
  4 ogre leaders
 10 quantum mechanics
  4 trolls
  3 wood golems
  4 sharks
  6 electric eels
  5 gelatinous cubes
  4 pyrolisks
  5 large dogs
  5 freezing spheres
  7 flaming spheres
  2 shocking spheres
  a large cat
  4 tigers
  4 gargoyles
  a dwarf ruler
  2 ochre jellies
  3 leocrottas
  3 energy vortices
  3 mountain centaurs
  4 stone giants
  3 elf mummies
  2 human mummies
  5 red nagas
  a green slime
  3 pythons
  3 pit vipers
  2 cobras
 27 wraiths
  3 carnivorous apes
 12 ettin zombies
  4 leather golems
  2 Grey-elves
 78 soldiers
  a watchman
  4 amorous demons
  2 horned devils
  3 chameleons
  a crocodile
  8 giant beetles
  6 quivering blobs
  4 cockatrices
  5 wolves
 15 winter wolf cubs
  4 lynxes
  a panther
 32 gremlins
  2 spotted jellies
 32 leprechauns
  2 orc-captains
  3 iron piercers
  2 mumakil
 10 giant spiders
  5 scorpions
  6 horses
 an ice vortex
  3 black lights
  7 vampire bats
  2 forest centaurs
  4 gnome rulers
  4 orc mummies
  a dwarf mummy
  2 brown puddings
  7 rust monsters
  7 owlbears
  7 yetis
 11 Green-elves
  4 giant eels
 16 lizards
  8 chickatrices
  3 dingoes
  4 dogs
  3 housecats
  4 jaguars
  6 dwarf leaders
  3 blue jellies
  a white unicorn
  a gray unicorn
  3 black unicorns
  5 dust vortices
  6 ravens
  6 plains centaurs
  3 gnome mummies
  7 snakes
  8 water moccasins
  9 apes
 16 human zombies
  7 Woodland-elves
 12 soldier ants
  5 fire ants
  6 bugbears
  3 imps
  5 lemures
  6 quasits
  4 wood nymphs
  8 water nymphs
  3 mountain nymphs
 13 Uruk-hai
  4 orc shamans
  8 rock piercers
  4 rock moles
  3 ponies
  6 fog clouds
  7 yellow lights
  2 shriekers
  4 violet fungi
 22 gnome leaders
  5 gnomish wizards
  2 kobold mummies
  a golden naga hatchling
  4 gray oozes
  2 barrow wights
 12 elf zombies
  9 ghouls
  4 straw golems
  6 paper golems
  3 jellyfish
 17 giant ants
  2 little dogs
  7 floating eyes
  2 kittens
 17 dwarves
  2 homunculi
  3 kobold leaders
  6 kobold shamans
 28 hill orcs
 14 rothes
  5 rabid rats
  2 centipedes
  3 giant bats
  3 monkeys
  5 orc zombies
 15 dwarf zombies
  3 werejackals
 11 iguanas
 32 killer bees
 an acid blob
  5 coyotes
  6 hobbits
  7 manes
  2 large kobolds
 17 hobgoblins
  7 giant rats
 10 cave spiders
  a brown mold
  a yellow mold
  a green mold
  a red mold
 71 gnomes
  5 garter snakes
 12 gnome zombies
  4 geckos
  8 jackals
  a kobold
  4 goblins
  7 sewer rats
  4 grid bugs
  3 bats
  6 lichens
 15 kobold zombies
  5 newts
1495 creatures vanquished.

Genocided species:
 arch-liches
 master liches
 demiliches
 master mind flayers
 liches
 mind flayers
 dwarf rulers
 dwarf leaders
 bugbears
 dwarves
 hobbits
11 species genocided.

Game over:
                       ----------
                      /          \
                     /    REST    \
                    /      IN      \
                   /     PEACE      \
                  /                  \
                  |      Japes       |
                  |     1069 Au      |
                  |   dissolved in   |
                  |   molten lava    |
                  |                  |
                  |                  |
                  |       2026       |
                 *|     *  *  *      | *
        _________)/\\_//(\/(/\)/\//\/|_)_______

Goodbye Japes the Monk...

You dissolved in the lava in Gehennom on dungeon level 31 with 647621 points,
and 1069 pieces of gold, after 33393 moves.
You were level 20 with a maximum of 157 hit points when you dissolved in the lava.

